 Dungeon Sprint DCSS version 0.31-a0-18-gea43df2a32 (webtiles) character file.

Game seed: 6732891831953199924

327 sircluck the Grappler (level 6, -11/68 HPs)
             Began as a Troll Berserker on May 10, 2023.
             Was a Believer of Trog.
             Mangled by a boulder beetle (47 damage)
             ... in the Dungeon (Sprint II: "The Violet Keep of Menkaure").
             The game lasted 00:00:36 (66 turns).

sircluck the Grappler (Troll Berserker)               Turns: 66, Time: 00:00:37

Health: -11/68     AC:  4    Str: 28    XL:     6   Next: 24%
Magic:  5/5        EV: 11    Int:  3    God:    Trog [**....]
Gold:   243        SH:  0    Dex:  9    Spells: 5/5 levels left

rFire   . .          .
                       - Unarmed
rCold   . . .        (no shield)
rNeg    . . .        a - +0 animal skin
rPois   .            (helmet restricted)
rElec   .            (no cloak)
rCorr   .            (gloves unavailable)
SInv    .            (boots unavailable)
Will    ++...        (no amulet)
Stlth   +            (no ring)
HPRegen 2.11/turn    (no ring)
MPRegen 0.09/turn

%: no teleportation
@: strong-willed, on berserk cooldown, regenerating
A: large, unfitting armour, claws 3, regeneration 1, shaggy fur 1, tough skin 1
a: Renounce Religion, Berserk, Trog's Hand


You were in the Dungeon.
You worshipped Trog.
Trog was pleased with you.
You visited 1 branch You collected 243 gold pieces.

Inventory:

Armour
 a - a +0 animal skin (worn)
Scrolls
 g - a scroll of blinking
Potions
 b - a potion of curing
 c - a potion of heal wounds
 d - a potion of haste
 e - 2 potions of magic
 f - a potion of berserk rage


   Skills:
 + Level 6.9 Fighting
 + Level 6.6 Dodging
 + Level 8.5 Unarmed Combat


You had 5 spell levels left.
You didn't know any spells.
Your spell library was empty.

Dungeon Overview and Level Annotations

Branches:
Dungeon (1/1)

Altars:

Annotations:
D Menkaure, Roxanne


Innate Abilities, Weirdness & Mutations

You are too large for most types of armour.
You have claws for hands.
Your natural rate of healing is unusually fast.
You are covered in fur. (AC +1)
You have tough skin. (AC +1)


Message History

You feel a strong urge to attack something.
You feel sick.
You feel sick.
There is an open door here.
You feel your anger nearly subside.
You are no longer berserk.
You are exhausted.
You feel yourself slow down.
You feel sick.
As you close the door, it creaks loudly!
You feel sick.
You feel sick.
You see here a scorpion corpse.
You feel sick.
You are no longer poisoned.
There is an open door here.
There is a staircase leading out of the dungeon here.
You start resting.
Menkaure, Prince of Dust comes into view.
Found 243 gold pieces. 2 boulder beetles come into view.
There are monsters nearby!
Unknown command.
Okay, then.
Your skin crawls.
You feel strong-willed.
Menkaure shouts!
The boulder beetle leaps!
You scratch the boulder beetle.
The boulder beetle is lightly wounded.
You feel yourself speed up. The boulder beetle bites you!!
The boulder beetle closely misses you.
The boulder beetle curls into a ball and begins rolling!
You claw the boulder beetle!
The boulder beetle is lightly wounded.
Menkaure casts a spell.
Menkaure seems to speed up.
You claw the boulder beetle!
The boulder beetle is moderately wounded.
The boulder beetle bites you!! The boulder beetle hits you!!!
Ouch! That really hurt!
You die...

~~~.........#
~~~~.##+##..#
~~~ ##.#.##.#
~ #.†#†.# ..
###.### ..
#'# .. ##○##
. +.B.+ ##@##
#B# .#M .. ..
##. .## ## ##


You could see 2 boulder beetles and Menkaure (fast).

Vanquished Creatures
  A water moccasin (D)
  4 scorpions (D)
5 creatures vanquished.

Notes
Turn   | Place    | Note
-------+----------+-------------------------------------------
     0 | D        | sircluck the Troll Berserker began the quest for the Orb.
     0 | D        | Reached XP level 1. HP: 22/22 MP: 0/0
     1 | D        | Noticed a scorpion
     1 | D        | Noticed a scorpion
     3 | D        | Killed a scorpion
     4 | D        | Reached skill level 5 in Unarmed Combat
     4 | D        | Reached XP level 2. HP: 32/32 MP: 1/1
     4 | D        | Reached XP level 3. HP: 39/39 MP: 2/2
     5 | D        | Killed a scorpion
     5 | D        | Noticed a scorpion
     5 | D        | Noticed a scorpion
     6 | D        | Reached skill level 5 in Fighting
     6 | D        | Reached skill level 5 in Dodging
     6 | D        | Reached skill level 6 in Unarmed Combat
     6 | D        | Reached XP level 4. HP: 50/50 MP: 3/3
     8 | D        | Killed a scorpion
     8 | D        | Reached ** piety under Trog
     9 | D        | Reached skill level 7 in Unarmed Combat
     9 | D        | Reached XP level 5. HP: 59/59 MP: 4/4
    38 | D        | Noticed Roxanne
    40 | D        | Noticed a water moccasin
    46 | D        | Killed a water moccasin
    47 | D        | Reached skill level 8 in Unarmed Combat
    47 | D        | Reached XP level 6. HP: 68/68 MP: 5/5
    61 | D        | Noticed Menkaure
    62 | D        | Noticed a boulder beetle
    62 | D        | Noticed a boulder beetle
    66 | D        | Mangled by a boulder beetle

Illustrated notes

Levels and vault maps discovered:
D:        the_violet_keep_of_menkaure [sprint2_stairs_cluster_1,
          sprint2_shoproom, sprint2_temple, sprint2_basic_supplies,
          sprint2_obstacle_7, sprint2_obstacle_4, sprint2_obstacle_6,
          sprint2_obstacle_1, sprint2_obstacle_2, sprint2_timed_cluster_1,
          sprint2_smallroom_cluster_1, sprint2_smallroom_final_cluster_1,
          sprint2_transparent_cluster_1, sprint2_second_timed_cluster_1,
          sprint2_sniper_area_1, sprint2_heavy_combat_area_1,
          sprint2_mutation_trap_area_1, sprint2_forest_area_1,
          sprint2_light_combat_area_1, sprint2_behind_water_1,
          sprint2_near_end_vault_1]

Skill      XL: |  1  2  3  4  5 |
---------------+----------------+-----
Fighting       | 4 5 6 |  6.9
Dodging        | 4 5 6 |  6.6
Unarmed Combat | 5 6 7 8 |  8.5

Action                     |  1- 3 |  4- 6 || total
---------------------------+-------+-------++-------
  Melee: Unarmed           |     2 |    10 ||    12
 Invoke: Berserk           |     1 |     1 ||     2
         Trog's Hand       |       |     1 ||     1
 Armour: Animal skin       |       |     2 ||     2
  Dodge: Dodged            |       |     3 ||     3

Table legend: (Time is in decaauts)
 A = Elapsed time spent in this place.
 B = Non-inter-level travel time spent in this place.
 C = Inter-level travel time spent in this place.
 D = Time resting spent in this place.
 E = Time spent auto-exploring this place.
 F = Levels seen in this place.
 G = Mean time per level.
                   A        B        C        D        E       F      G
               +--------+--------+--------+--------+--------+-----+--------+
         Total |     73 |     73 |      0 |     35 |      8 |   1 |   73.0 |
       Dungeon |     73 |     73 |      0 |     35 |      8 |   1 |   73.0 |
               +--------+--------+--------+--------+--------+-----+--------+

Top non-repeatable levels by time:
       D: 73 daAuts
